 Dungeon Crawl Stone Soup version 0.29-a0-648-g6b26cc9f40 (webtiles) character file.

Game seed: 2859762459270357103

2462 frimble the Carver (level 9, -3/88 HPs)
             Began as an Octopode Warper on June 21, 2022.
             Was an Initiate of Ashenzari.
             Slain by Maggie
             ... wielding a +2 scimitar of flaming
              (13 damage)
             ... on level 6 of the Dungeon.
             The game lasted 00:10:24 (8784 turns).

frimble the Carver (Octopode Warper)                Turns: 8784, Time: 00:10:24

Health: -3/88      AC:  1    Str: 11    XL:     9   Next: 50%
Magic:  12/12      EV: 15    Int: 15    God:    Ashenzari [......]
Gold:   369        SH:  0    Dex: 15    Spells: 3/12 levels left

rFire   . . .      SeeInvis .   a - +1 falchion (elec)
rCold   . . .      Faith    .   (no shield)
rNeg    . . .      Spirit   .   (helmet restricted)
rPois   .          Reflect  .   (no amulet)
rElec   .          Harm     .   (no ring)
rCorr   .          Rampage  .   (no ring)
Will    .....                   (no ring)
Stlth   ..........              (no ring)
HPRegen 0.24/turn               (no ring)
MPRegen 0.13/turn               (no ring)
                                (no ring)
                                (no ring)

@: berserking, very quick
A: almost no armour, amphibious, 8 rings, camouflage 1, gelatinous body 1,
(nimble swimmer 1), tentacles
a: Renounce Religion, Curse Item


You were on level 6 of the Dungeon.
You worshipped Ashenzari.
Ashenzari was noncommittal.
You visited 2 branches of the dungeon, and saw 7 of its levels.
You also visited: Sewer.

You collected 369 gold pieces.

Inventory:

Hand Weapons
 a - a +1 falchion of electrocution (weapon)
Missiles
 c - 5 boomerangs of dispersal
 n - 2 silver boomerangs (quivered)
 q - 6 curare-tipped darts
Wands
 g - a wand of iceblast (10)
Scrolls
 b - a scroll of blinking
 l - a scroll of teleportation
Potions
 d - 2 potions of magic
 e - 2 potions of curing
 f - 2 potions of heal wounds
 h - 3 potions of brilliance
 j - 3 potions of cancellation
 m - 3 potions of might
 o - a potion of haste
 p - a potion of flight
 s - a potion of degeneration {unknown}


   Skills:
 + Level 4.4 Fighting
 - Level 8.0 Long Blades
 - Level 1.3 Throwing
 + Level 4.6 Dodging
 - Level 7.4 Stealth
 - Level 2.1 Spellcasting
 + Level 1.3 Summonings
 - Level 6.0 Translocations
 + Level 1.3 Air Magic


You had 3 spell levels left.
You knew the following spells:

 Your Spells              Type           Power      Damage    Failure   Level
a - Blink                 Tloc           38%        N/A       2%          2
b - Apportation           Tloc           38%        N/A       1%          1
c - Passwall              Tmut/Erth      0%         N/A       32%         2
d - Summon Lightning Spi  Summ/Air       5%         N/A       77%         4

Your spell library contained the following spells:

 Spells                   Type           Power      Damage    Failure   Level
 Gell's Gravitas          Tloc           19%        N/A       5%          3
 Lesser Beckoning         Tloc           19%        N/A       5%          3
 Teleport Other           Tloc           19%        N/A       5%          3
 Summon Small Mammal      Summ           20%        N/A       12%         1
 Necrotize                Necr           4%         1d4       22%         1
 Sandblast                Erth           2%         2d4       22%         1
 Stone Arrow              Conj/Erth      2%         3d7       54%         3
 Manifold Assault         Tloc           19%        N/A       45%         5
 Airstrike                Air            2%         N/A       77%         4
 Lightning Bolt           Conj/Air       1%         1d12      99%         5


Dungeon Overview and Level Annotations

Branches:
Dungeon (6/15)             Temple (1/1) D:5           Sewer (visited)

Altars:
Ashenzari
Gozag
Kikubaaqudgha
Qazlal
Sif Muna
Trog
Uskayaw
Vehumet
Wu Jian
Xom

Shops:
D:3 [

Annotations:
D:1 diggie
D:6 Maggie


Innate Abilities, Weirdness & Mutations

You cannot wear most types of armour.
You are amphibious.
You can wear up to eight rings at the same time.
Your skin changes colour to match your surroundings (Stealth+).
Your rubbery body absorbs attacks. (AC +1, EV +1)
((You are camouflaged when in or above water. (Stealth+)))
You have tentacles for arms and can constrict up to eight enemies at once.


Message History

Maggie is lightly wounded.
Maggie mumbles some strange words.
Maggie attempts to bespell you!
You are mesmerised by Maggie!
You hit Maggie. Lightning courses through Maggie! You grab Maggie.
You squeeze Maggie.
Maggie is moderately wounded.
You constrict Maggie, but do no damage.
Maggie zaps a wand.
The bolt of dispelling energy hits you!!
Your magical effects are unravelling.
You hit Maggie. You squeeze Maggie.
Maggie is moderately wounded.
You break out of your daze.
You constrict Maggie.
Maggie hits you with a +2 scimitar of flaming!
Maggie burns you.
You hit Maggie. You squeeze Maggie.
Maggie is heavily wounded.
You constrict Maggie.
Maggie zaps a wand.
The bolt of dispelling energy hits you.
* * * LOW HITPOINT WARNING * * *
Unknown command.
Unknown command.
Unknown command.
Unknown command.
Unknown command.
Unknown command.
Unknown command.
Unknown command.
Okay, then.
Unknown command.
You feel much better.
You constrict Maggie.
Maggie hits you with a +2 scimitar of flaming!!
* * * LOW HITPOINT WARNING * * *
Maggie burns you!
* * * LOW HITPOINT WARNING * * *
A red film seems to cover your vision as you go berserk!
You feel yourself moving faster!
You feel mighty!
You constrict Maggie.
Maggie hits you with a +2 scimitar of flaming!
You die...

# #.# .... $#.##...
. # .#.#. .##. #.
.?. #... ###.###
#.# ..## ..(..#
##.##...###.
#.#.####.....#.....
#...$....#.#...#
#.#@#####..).###
#(...@# ##.###
###.### #.#### #.
#.#.. # #.#.# #
##.#.# # #....# #
#.#.#.## #
###.##.#..## #


You could see Maggie.

Vanquished Creatures
  Grinder (D:4)
  2 ogres
  A phantom (D:5)
  2 bullfrogs (Sewer)
  10 scorpions
  3 water moccasin zombies (D:5)
  A water moccasin skeleton (D:5)
  A centaur zombie (D:5)
  A bullfrog zombie (D:5)
  2 hounds
  3 jellies
  4 orc priests
  5 iguanas
  12 orc wizards
  2 hound skeletons (D:5)
  A howler monkey zombie (D:5)
  3 gnolls (D:5)
  A howler monkey skeleton (D:5)
  13 adders
  4 river rats (Sewer)
  A shadow imp (D:6)
  2 dart slugs
  20 orcs
  17 ball pythons
  8 endoplasms
  5 giant cockroaches (D:3)
  3 goblins
  5 hobgoblins
  5 quokkas
  8 bats
  9 frilled lizards
  6 kobolds
  30 rats
191 creatures vanquished.

Vanquished Creatures (others)
  16 fungi (D:4)
  5 toadstools (D:1)
  A withered plant (D:5)
22 creatures vanquished.

Grand Total: 213 creatures vanquished

Notes
Turn   | Place    | Note
-------+----------+-------------------------------------------
     0 | D:1      | frimble the Octopode Warper began the quest for the Orb.
     0 | D:1      | Reached XP level 1. HP: 14/14 MP: 3/3
    99 | D:1      | Reached XP level 2. HP: 13/19 MP: 5/5
   201 | D:1      | Learned a level 2 spell: Blink
  1784 | D:2      | Reached skill level 1 in Stealth
  1784 | D:2      | Reached XP level 3. HP: 7/24 MP: 6/6
  2099 | D:2      | Reached XP level 4. HP: 15/29 MP: 7/7
  2577 | D:2      | Reached skill level 3 in Long Blades
  2875 | D:3      | Found a glowing drain.
  3106 | Sewer    | Entered a sewer
  3357 | Sewer    | Reached XP level 5. HP: 34/34 MP: 8/8
  3932 | Sewer    | Reached skill level 5 in Stealth
  3932 | Sewer    | Reached XP level 6. HP: 10/42 MP: 4/9
  3939 | Sewer    | Reached skill level 4 in Long Blades
  4499 | D:3      | Found a faded altar of an unknown god.
  4500 | D:3      | Found Haloeki's Antique Armour Emporium.
  4931 | D:4      | Reached XP level 7. HP: 42/46 MP: 10/10
  5074 | D:4      | Noticed Grinder
  5087 | D:4      | Paralysed by Grinder for 2 turns
  5104 | D:4      | Paralysed by Grinder for 5 turns
  5106 | D:4      | HP: 1/46 [Grinder (3)]
  5121 | D:4      | Killed Grinder
  5122 | D:4      | Reached skill level 5 in Long Blades
  5752 | D:4      | Reached XP level 8. HP: 31/52 MP: 11/11
  6003 | D:4      | Reached skill level 6 in Long Blades
  6322 | D:5      | Entered Level 5 of the Dungeon
  6387 | D:5      | Reached skill level 5 in Translocations
  6398 | D:5      | Reached skill level 7 in Long Blades
  6604 | D:5      | Found a staircase to the Ecumenical Temple.
  6612 | Temple   | Entered the Ecumenical Temple
  6759 | Temple   | Became a worshipper of Ashenzari the Shackled
  6896 | D:5      | Reached XP level 9. HP: 52/56 MP: 12/12
  7669 | D:5      | Identified the +1 scale mail of Vorhimor {Dex+2 Slay+2}
  7834 | D:5      | Reached skill level 8 in Long Blades
  8311 | D:6      | Learned a level 1 spell: Apportation
  8314 | D:6      | Learned a level 2 spell: Passwall
  8319 | D:6      | Learned a level 4 spell: Summon Lightning Spire
  8544 | D:6      | Reached skill level 1 in Summonings
  8544 | D:6      | Reached skill level 1 in Air Magic
  8768 | D:6      | Identified the +7 mace of Quad {vorpal, rN+}
  8775 | D:6      | Noticed Maggie
  8784 | D:6      | Slain by Maggie

Illustrated notes

Levels and vault maps discovered:
D:1:      ldierk_walled_garden, layout_basic, serial_glass, glass_columns_b,
          glass_columns_a, item_on_display_a, due_unseen_surprise
D:2:      layout_basic, lemuel_old_faithful
D:3:      layout_rooms, ebering_ecumenical_altar_abandoned,
          portal_sewer_entry_f, serial_shops, shop_coins, minmay_vboxes
D:4:      old_forge, layout_basic, uniq_grinder
D:5:      layout_loops_corners, minmay_temple_entry_glass, serial_undead,
          serial_undead_a, serial_undead_a, serial_undead_a, serial_undead_c,
          serial_undead_b, minmay_a_box_with_orc_wizards_in_it
D:6:      kennysheep_six_static_rooms, layout_loops_ring, due_unseen_surprise,
          uniq_maggie
Temple:   compressed_dpeg_circular_temple

Skill      XL: |  1  2  3  4  5  6  7  8  9 |
---------------+----------------------------+-----
Stealth        | 1 2 3 5 6 7 |  7.4
Long Blades    | 3 4 5 7 8 |  8.0
Dodging        | 3 4 |  4.6
Fighting       | 3 4 |  4.4
Translocations | 6 |  6.0
Summonings     | 1 |  1.3
Air Magic      | 1 |  1.3
Throwing       | |  1.3
Spellcasting   | |  2.1

Action                   |  1- 3 |  4- 6 |  7- 9 || total
-------------------------+-------+-------+-------++-------
Melee: Falchion          |    55 |   169 |   194 ||   418
       Tentacles         |    13 |    33 |    57 ||   103
       Constrict         |    11 |    42 |    51 ||   104
       Punch             |       |       |     4 ||     4
Throw: Boomerang         |       |       |    28 ||    28
 Cast: Blink             |       |     1 |     2 ||     3
  Use: Scroll            |     4 |    10 |     5 ||    19
       Potion            |       |     6 |     4 ||    10
 Stab: Sleeping          |     5 |    11 |    10 ||    26
       Distracted        |       |     1 |     3 ||     4
       Invisible         |       |     1 |       ||     1
       Held in net/web   |       |       |     1 ||     1
Armor: Skin              |     1 |     8 |    10 ||    19
Dodge: Dodged            |    31 |   140 |    87 ||   258

Table legend: (Time is in decaauts)
 A = Elapsed time spent in this place.
 B = Non-inter-level travel time spent in this place.
 C = Inter-level travel time spent in this place.
 D = Time resting spent in this place.
 E = Time spent auto-exploring this place.
 F = Levels seen in this place.
 G = Mean time per level.
                   A        B        C        D        E       F      G
               +--------+--------+--------+--------+--------+-----+--------+
         Total |   8813 |   8578 |    235 |    830 |   6360 |   8 | 1101.6 |
       Dungeon |   7624 |   7404 |    220 |    775 |   5565 |   6 | 1270.7 |
        Temple |    161 |    147 |     14 |      0 |    133 |   1 |  161.0 |
         Sewer |   1027 |   1027 |      0 |     55 |    662 |   1 | 1027.0 |
               +--------+--------+--------+--------+--------+-----+--------+

Top non-repeatable levels by time:
     D:5: 1820 daAuts
     D:1: 1701 daAuts
     D:4: 1567 daAuts
     D:2: 1158 daAuts
   Sewer: 1027 daAuts
     D:3: 900 daAuts
     D:6: 476 daAuts
  Temple: 161 daAuts
